 Dungeon Crawl Stone Soup version 0.17-a0-1751-g9fa07f0 (webtiles) character file.

163 TruthSerum the Cudgeler (level 5, 0/57 HPs)
             Began as an Ogre Berserker on Sept 2, 2015.
             Was a Believer of Trog.
             Slain by a kobold
             ... wielding a +0 club
              (4 damage)
             ... on level 3 of the Dungeon.
             The game lasted 00:06:47 (1720 turns).

TruthSerum the Cudgeler (Ogre Berserker)            Turns: 1720, Time: 00:06:47

Health: 0/57       AC:  3    Str: 22    XL:     5   Next: 44%
Magic:  5/5        EV: 10    Int:  7    God:    Trog [**....]
Gold:   123        SH:  0    Dex:  9    Spells: 0 memorised, 4 levels left

rFire  . . .     SeeInvis .     h - +0 flail
rCold  . . .     Clarity  .     b - +0 animal skin
rNeg   . . .     SustAt   .     (no shield)
rPois  .         Gourm    .     (helmet restricted)
rElec  .         Spirit   .     (no cloak)
rCorr  .         Warding  .     (gloves unavailable)
rMut   .         Stasis   .     (boots unavailable)
MR     .....                    (no amulet)
Stlth  +.........               (no ring)
                                j - ring of flight

@: exhausted, not resistant to hostile enchantments, very unstealthy
A: unfitting armour, tough skin 1
a: Burn Spellbooks, Berserk, Trog's Hand, Renounce Religion, Evoke Flight


You were on level 3 of the Dungeon.
You worshipped Trog.
Trog was pleased with you.
You were hungry.

You visited 1 branch of the dungeon, and saw 3 of its levels.

You collected 123 gold pieces.

Inventory:

Hand weapons
 h - a +0 flail (weapon)
Armour
 b - a +0 animal skin (worn)
Jewellery
 j - a ring of flight (left hand)
Magical devices
 l - a wand of frost (20)
Scrolls
 a - a scroll of enchant armour {unknown}
 e - 2 scrolls of amnesia {unknown}
 g - a scroll of identify {unknown}
 i - a scroll of fear {unknown}
 k - a scroll of enchant weapon {unknown}
Comestibles
 c - 2 bread rations
 f - a fruit


   Skills:
 + Level 5.1 Fighting
 * Level 6.3 Maces & Flails
 + Level 3.5 Dodging


You had 4 spell levels left.
You didn't know any spells.

Dungeon Overview and Level Annotations

Branches:
Dungeon (3/15)

Altars:
Sif Muna


Innate Abilities, Weirdness & Mutations

You are too large for most types of armour.
You have tough skin (AC +1).


Message History

The goblin shouts!
You hit the orc but do no damage.
The orc is heavily wounded.
The orc hits you with a hand axe!
* * * LOW HITPOINT WARNING * * *
The goblin moves out of view.
You sock the orc!
You kill the orc!
Trog accepts your kill.
Things that are here:
a hand axe; a ring mail; an orc corpse You hit the kobold but do no damage.
The kobold barely misses you.
You closely miss the kobold. The goblin hits you but does no damage.
The kobold closely misses you.
You completely miss the goblin. The goblin barely misses you.
The kobold hits you with a club.
* * * LOW HITPOINT WARNING * * *
You closely miss the kobold. The goblin barely misses you.
The kobold hits you with a club.
You die...

............................##
..............##...........#.
#....###..................#.
.#...##..#.##............#.
#.....#.###....#.###.##.
........................
.....#...##..##...##.##.
......gK.#..###......##.
#@...## ###..#....
..........## ##...##.
..........# #..###.
.....>.....# ......
............. .####.
...........##. .......#...# .
############


You could see a goblin and a kobold.

Vanquished Creatures
  Purgy (D:3)
  3 adders (D:2)
  A worm (D:2)
  A giant gecko (D:2)
  An orc (D:3)
  6 bats
  A giant cockroach (D:2)
  4 goblins
  8 hobgoblins
  5 kobolds
  3 ball pythons (D:1)
  A giant newt (D:1)
  3 rats
38 creatures vanquished.

Notes
Turn   | Place    | Note
--------------------------------------------------------------
     0 | D:1      | TruthSerum the Ogre Berserker began the quest for the Orb.
     0 | D:1      | Reached XP level 1. HP: 24/24 MP: 1/1
   381 | D:1      | Reached XP level 2. HP: 32/32 MP: 2/2
   822 | D:2      | Found a deep blue altar of Sif Muna.
   935 | D:2      | Reached XP level 3. HP: 29/40 MP: 3/3
   967 | D:2      | Acquired Trog's second power
  1095 | D:2      | Reached skill level 5 in Maces & Flails
  1171 | D:2      | HP: 2/40 [poisoned by an adder]
  1179 | D:2      | HP: 1/40 [poisoned by an adder]
  1395 | D:2      | Reached XP level 4. HP: 35/49 MP: 4/4
  1681 | D:3      | Noticed Purgy
  1688 | D:3      | Killed Purgy
  1688 | D:3      | Reached skill level 5 in Fighting
  1688 | D:3      | Reached skill level 6 in Maces & Flails
  1688 | D:3      | Reached XP level 5. HP: 24/57 MP: 5/5
  1720 | D:3      | Slain by a kobold

Vault maps used:
D:1:      co_arrival_square_in_a_square_in_a_square
D:2:      led_sif_pool
D:3:      minmay_misc_feat_square, nicolae_tso_carved_into_rock, uniq_purgy

Action                   |  1- 3 |  4- 6 || total
-------------------------+-------+-------++-------
Melee: Mace              |    43 |       ||    43
       Flail             |    35 |    40 ||    75
Invok: Burn Spellbooks   |     1 |       ||     1
       Berserk           |       |     1 ||     1
  Eat: Chunk             |     1 |     2 ||     3
